 Dungeon Crawl Stone Soup version 0.30-a0-728-gc68057be0a (webtiles) character file.

Game seed: 8894460557752209291

408482 browni3141 the Hand of Fortune (level 23, -4/121 HPs)
             Began as a Vine Stalker Monk on Jan 31, 2023.
             Was the Champion of Nemelex Xobeh.
             Killed from afar by an ice dragon (17 damage)
             ... with a blast of cold
             ... on level 4 of the Depths.
             The game lasted 02:08:20 (44807 turns).

browni3141 the Hand of Fortune (Vine Stalker Monk) Turns: 44807, Time: 02:08:20

Health: -4/121     AC: 29    Str: 31    XL:     23   Next: 45%
Magic:  0/38       EV: 15    Int: 12    God:    Nemelex Xobeh [******]
Gold:   2494       SH: 24    Dex: 17    Spells: 22/22 levels left

rFire   + + .      SeeInvis .    a - +9 demon trident (flame)
rCold   . . .      Faith    .    p - +0 tower shield {AC+3}
rNeg    + . .      Spirit   +    L - +3 pearl dragon scales
rPois   .          Reflect  +    Z - +2 hat
rElec   +          Harm     .    R - scarf {rC+ rF+}
rCorr   +          Rampage  .    d - +1 pair of gloves of Ennui {Fly Int+2 Stlth+}
Will    +++..      Rage     3%   S - +2 pair of boots
Stlth   +++++                    V - amulet of reflection
HPRegen 1.20/turn                t - ring of Nuveoniv {rElec Will+}
MPRegen 0.26/turn                i - ring "Galiotun" {Fire rElec rCorr Str+6 Slay+3}

@: flying
A: fangs 3, regeneration 1, magic shield, antimagic bite, no potion heal 2,
berserk 1
}: 2/15 runes: decaying, gossamer
a: Renounce Religion, Draw Escape, Draw Destruction, Draw Summoning, Triple
Draw, Deal Four, Stack Five


You were on level 4 of the Depths.
You worshipped Nemelex Xobeh.
Nemelex Xobeh was exalted by your worship.
You visited 8 branches of the dungeon, and saw 39 of its levels.
You also visited: Sewer, Bailey, Gauntlet, Ice Cave and Volcano.

You collected 4495 gold pieces.
You spent 2001 gold pieces at shops.

Inventory:

Hand Weapons
 a - a +9 demon trident of flaming (weapon)
 B - the +9 spear of Excruciating Pain {venom, *Rage Drain rElec Int+5}
   (You found it on level 5 of the Dungeon)

   Int:       It affects your intelligence (+5).
   rElec:     It insulates you from electricity.
   *Rage:     It berserks you when you make melee attacks (+20% chance).
   Drain:     It drains your maximum health when unequipped.
Missiles
 v - 7 silver javelins
 w - 16 boomerangs (quivered)
 z - 17 javelins
 F - 13 curare-tipped darts
 G - 5 boomerangs of dispersal
 M - a throwing net
Armour
 d - the +1 pair of gloves of Ennui (worn) {Fly Int+2 Stlth+}
   (You bought it in a shop on level 2 of the Orcish Mines)

   Int:       It affects your intelligence (+2).
   Fly:       It grants you flight.
   Stlth:     It makes you more stealthy.
 k - the +1 tower shield of Durable Tender Moments {Will+}
   (You found it in a Gauntlet)

   Will:      It increases your willpower.
 p - a +0 tower shield of protection (worn)
 K - +0 swamp dragon scales
 L - +3 pearl dragon scales (worn)
 R - a scarf of resistance (worn)
 S - a +2 pair of boots (worn)
 Z - a +2 hat (worn)
Jewellery
 b - a ring of ice
 i - the ring "Galiotun" (right hand) {Fire rElec rCorr Str+6 Slay+3}
   (You found it on level 5 of the Lair of Beasts)

   [ring of fire]

   It enhances your fire magic.
   Str:       It affects your strength (+6).
   Slay:      It affects your accuracy & damage with ranged weapons and melee
   (+3).
   rF:        It protects you from fire.
   rC:        It makes you vulnerable to cold.
   rElec:     It insulates you from electricity.
   rCorr:     It protects you from acid and corrosion.
 t - the ring of Nuveoniv (left hand) {rElec Will+}
   (You acquired it on level 9 of the Dungeon)

   [ring of willpower]

   rElec:     It insulates you from electricity.
   Will:      It increases your willpower.
 u - a ring of see invisible
 V - an amulet of reflection (around neck)
Wands
 g - a wand of mindburst (35)
 j - a wand of iceblast (26)
 s - a wand of light (5)
 x - a wand of paralysis (48)
 X - a wand of digging (10)
 Y - a wand of polymorph (4)
Scrolls
 h - 16 scrolls of vulnerability
 l - 12 scrolls of fog
 n - 9 scrolls of poison
 o - 8 scrolls of immolation
 q - 5 scrolls of magic mapping
 y - 2 scrolls of brand weapon
 C - a scroll of butterflies
 E - 12 scrolls of fear
 I - 20 scrolls of teleportation
 J - 5 scrolls of torment
 W - 2 scrolls of blinking
Potions
 c - 10 potions of ambrosia
 e - 8 potions of mutation
 f - 8 potions of might
 m - 6 potions of magic
 r - 23 potions of curing
 A - 6 potions of flight
 D - 4 potions of resistance
 N - 12 potions of invisibility
 O - 8 potions of haste
 P - 4 potions of berserk rage
 T - 5 potions of lignification
 U - 5 potions of attraction
Miscellaneous
 H - a condenser vane
 Q - a phantom mirror (inert)


   Skills:
 + Level 12.9 Fighting
 * Level 12.5 Polearms
 + Level 8.4 Throwing
 + Level 12.6 Armour
 + Level 11.7 Dodging
 + Level 15.1 Stealth
 * Level 14.9 Shields
 * Level 20.8 Invocations
 + Level 8.5 Evocations


You had 22 spell levels left.
You didn't know any spells.
Your spell library contained the following spells:

 Spells                   Type           Power      Damage    Failure   Level
 Apportation              Tloc           0%         N/A       93%         1
 Beastly Appendage        Tmut           0%         N/A       93%         1
 Foxfire                  Conj/Fire      0%         2x1d4     93%         1
 Kiss of Death            Conj/Necr      0%         2d5       93%         1
 Magic Dart               Conj           0%         1d3       93%         1
 Sting                    Tmut/Pois      0%         1d3       93%         1
 Call Imp                 Summ           0%         N/A       98%         2
 Ensorcelled Hibernation  Hex/Ice        0%         N/A       98%         2
 Passwall                 Tmut/Erth      0%         N/A       98%         2
 Poisonous Vapours        Pois/Air       0%         N/A       98%         2
 Wereblood                Tmut           0%         N/A       98%         2
 Confusing Touch          Hex            0%         N/A       100%        3
 Hailstorm                Conj/Ice       0%         3d3       100%        3
 Ignite Poison            Fire/Tmut/Pois 0%         N/A       100%        3
 Inner Flame              Hex/Fire       0%         N/A       100%        3
 Mephitic Cloud           Conj/Pois/Air  0%         N/A       100%        3
 Portal Projectile        Hex/Tloc       0%         N/A       100%        3
 Spider Form              Tmut/Pois      0%         N/A       100%        3
 Summon Guardian Golem    Hex/Summ       0%         N/A       100%        3
 Swiftness                Air            0%         N/A       100%        3
 Tukima's Dance           Hex            0%         N/A       100%        3
 Animate Armour           Summ/Erth      0%         N/A       100%        4
 Cause Fear               Hex            0%         N/A       100%        4
 Dispel Undead            Necr           0%         3d6       100%        4
 Ice Form                 Ice/Tmut       0%         N/A       100%        4
 Leda's Liquefaction      Hex/Erth       0%         N/A       100%        4
 Manifold Assault         Tloc           0%         N/A       100%        4
 Olgreb's Toxic Radiance  Pois           0%         N/A       100%        4
 Sticky Flame             Conj/Fire      0%         2d3       100%        4
 Summon Ice Beast         Ice/Summ       0%         N/A       100%        4
 Summon Lightning Spire   Summ/Air       0%         N/A       100%        4
 Alistair's Intoxication  Tmut/Pois      0%         N/A       100%        5
 Blade Hands              Tmut           0%         N/A       100%        5
 Fireball                 Conj/Fire      0%         3d3       100%        5
 Lee's Rapid Deconstruct  Erth           0%         3d4*      100%        5
 Silence                  Hex/Air        0%         N/A       100%        5
 Dispersal                Tloc           0%         N/A       100%        6
 Iron Shot                Conj/Erth      0%         9d1       100%        6
 Simulacrum               Ice/Necr       0%         N/A       100%        6
 Starburst                Conj/Fire      0%         6d3       100%        6
 Statue Form              Tmut/Erth      0%         N/A       100%        6
 Dragon Form              Tmut           0%         N/A       100%        7
 Malign Gateway           Summ/Tloc      0%         N/A       100%        7
 Storm Form               Tmut/Air       0%         N/A       100%        7
 Disjunction              Tloc           0%         N/A       100%        8
 Ignition                 Fire           0%         3d3       100%        8
 Summon Horrible Things   Summ           0%         N/A       100%        8
 Dragon's Call            Summ           0%         N/A       100%        9


Dungeon Overview and Level Annotations

Branches:
Dungeon (15/15)            Temple (1/1) D:6            Lair (5/5) D:10
  Swamp (4/4) Lair:3       Spider (4/4) Lair:2        Slime (0/5) Lair:4
    Orc (2/2) D:11            Elf (0/3) Orc:2        Vaults (4/5) D:13
  Crypt (0/3) Vaults:2     Depths (4/4) D:15          Sewer (visited)
 Bailey (visited)           IceCv (visited)         Volcano (visited)
Gauntlet (visited)
    Zot: Depths:4

Altars:
Ashenzari
Cheibriados
Dithmenos
Elyvilon
Fedhas
Gozag
Hepliaklqana
Kikubaaqudgha
Makhleb
Nemelex Xobeh
Okawaru
Qazlal
Ru
Sif Muna
Trog
Uskayaw
Vehumet
Wu Jian
Xom
Yredelemnul
Zin
The Shining One
Jiyva

Shops:
D:4 [   D:5 *   D:8 *   D:9 *!??   D:11 ?   Orc:2 :[?*   Vaults:4 !

Portals:
Hell: Depths:1 Depths:2 Depths:3
Abyss: Depths:1 Depths:2 Depths:3
Pandemonium: Depths:2
Ziggurat: Depths:1
Trove: D:10 (give 7 potions of haste)

Annotations:
D:2 1 exclusion
D:3 1 runed translucent door, Crazy Yiuf
D:4 2 transporters, ASSMAN's ghost, novice DjGl
Swamp:1 1 runed translucent door, mistaj's ghost, adept VSFi


Innate Abilities, Weirdness & Mutations

You have razor-sharp teeth.
Your natural rate of healing is unusually fast.
When hurt, damage is shared between your health and your magic reserves.
Your bite disrupts and absorbs the magic of your enemies.
Potions cannot restore your health.
You sometimes lose your temper in combat.


Message History

You bite the bone dragon! You drain its power.
You feel invigorated.
The bone dragon is lightly damaged.
You are engulfed in poison gas.
You are more poisoned.
You feel extremely sick. You block the bone dragon's attack.
The bone dragon claws you but does no damage.
The bone dragon tramples you!
You are shoved backwards!
You puncture the bone dragon! You bite the bone dragon. You drain its power.
You feel invigorated.
The bone dragon is moderately damaged.
You are engulfed in poison gas.
You are more poisoned.
You feel extremely sick. You block the bone dragon's attack.
The bone dragon claws you but does no damage.
You block the bone dragon's attack.
The bone dragon attacks as you move away!
The bone dragon bites you!
* * * LOW HITPOINT WARNING * * *
The bone dragon claws you!
* * * LOW HITPOINT WARNING * * *
You block the bone dragon's attack.
* * * LOW HITPOINT WARNING * * *
You feel extremely sick.
Okay, then.
Unknown command.
Blink to where?
Press: ? - help, Dir - move target
As you read the scroll of blinking, it crumbles to dust.
* * * LOW HITPOINT WARNING * * *
You feel extremely sick.
An ice dragon comes into view.
Okay, then.
Your system rejects the healing.
You feel better.
The ice dragon roars deafeningly!
You hear a shout!
The ice dragon breathes frost at you. The blast of cold hits you!!!
You die...
Your body disappears without a glow.

........# #.####..............
#######.######...................
# #.........°................ #
#..#####................... #
#..# #§D###..(.........). # #..#
#..# #..............
######..#####..# #......D.......
...............###..<†..D..#####
...............@....#####C.#
#####...#####..####D# #..# #...#
#..# #(# #..# #...# #..#
#)........ #...# #..# #..........
#...# #... ............ . #...#
#.... ..(...... .. ....
.......... ... ........D.


You could see a bone dragon and an ice dragon (catching breath).

Vanquished Creatures
  Margery (Vaults:2)
  Frederick (Vaults:2)
  A caustic shrike (Depths:2)
  3 golden dragons
  Jory (Vaults:4)
  A pearl dragon (Vaults:2)
  A walking earthen tome (Depths:3)
  A lich (Depths:2)
  Mlioglotl (Swamp:3)
  A tentacled monstrosity (Depths:2)
  2 titans
  Frances (D:13)
  3 tengu reavers
  4 sphinxes
  Donald (Vaults:4)
  2 fire giants
  12 emperor scorpions
  6 frost giants
  An orc warlord (Vaults:4)
  8 vault wardens
  2 iron dragons
  A balrug (Depths:3)
  6 ghost moths
  A cacodemon (Depths:2)
  3 broodmothers (Spider:2)
  17 ironbound preservers
  3 spriggan defenders
  16 very ugly things
  2 war gargoyles
  The ghost of Seckat the Unseen, a journeyman KoBr of Wu Jian (Orc:1)
  A vampire knight (Depths:4)
  6 stone giants
  7 ironbound thunderhulks
  3 eleionomae
  4 dire elephants (Vaults:4)
  A minotaur (Gauntlet)
  A red draconian (Volcano)
  Azrael (Orc:2)
  2 bunyips
  Nessos (D:15)
  6 spark wasps
  6 great orbs of eyes
  The ghost of BlueFish the Zephyrmancer, a journeyman TeAE of Vehumet (Lair:4)
  A merfolk javelineer (Depths:3)
  8 ettins
  A merfolk impaler (Depths:2)
  Fannar (D:10)
  A crystal guardian (Vaults:4)
  6 fire dragons
  8 entropy weavers
  14 yaktaur captains
  3 rakshasas
  4 vault guards (Vaults:1)
  Erolcha (D:9)
  2 ogre magi
  3 ghost crabs
  19 hydras
  4 jorogumos
  A peacekeeper (Vaults:4)
  4 ice dragons
  A catoblepas (Lair:3)
  10 ironbound frosthearts
  A spriggan air mage (Depths:4)
  14 centaur warriors
  4 radroaches
  2 dancing weapons (D:13)
  A merfolk avatar (Lair:5)
  4 tengu warriors
  9 two-headed ogres
  12 death yaks
  6 alligators
  8 boulder beetles
  3 deep troll shamans
  A vampire mage (Depths:1)
  3 deep troll earth magi
  A death scarab (Spider:3)
  A hell hog (Depths:3)
  Urug (D:12)
  A soul eater (Depths:2)
  2 sun demons
  A spriggan berserker (Depths:3)
  5 hell knights
  A storm dragon zombie (Depths:3)
  Nergalle (D:11)
  A skeletal warrior (Vaults:2)
  A golden dragon zombie (Depths:3)
  An iron troll (Depths:1)
  5 pharaoh ants
  A salamander mystic (Depths:3)
  3 goliath frogs
  3 spriggan druids
  56 deep trolls
  2 fire crabs
  2 glowing orange brains
  2 sea snakes (Lair:5)
  A flayed ghost (D:12)
  6 orb spiders
  7 lindwurms
  11 wizards
  4 bog bodies
  A golden dragon skeleton (Depths:3)
  An orb spider (shapeshifter) (Depths:2)
  A phantasmal warrior (Vaults:2)
  7 orc knights
  9 swamp dragons
  Pikel (D:9)
  2 lindwurms (shapeshifter)
  10 steelbarb worms
  A sphinx zombie (Vaults:4)
  A frost giant zombie (Vaults:4)
  4 necromancers
  A mana viper (Swamp:2)
  A harpy (Lair:5)
  26 ironbound convokers
  2 deep elf pyromancers
  An orc sorcerer (Orc:1)
  36 ugly things
  18 wolf spiders
  A will-o-the-wisp (Swamp:4)
  10 cyclopes
  A faun (Spider:4)
  9 moths of wrath
  An apocalypse crab (Spider:4)
  6 salamanders (Depths:3)
  3 manticores
  9 elephants
  6 black mambas
  16 vault sentinels
  An ice statue (IceCv)
  2 gargoyles
  10 demonic crawlers
  8 torpor snails
  An eye of devastation (Vaults:2)
  3 smoke demons
  13 cane toads
  10 rime drakes
  An elf skeleton (Vaults:4)
  An orange demon (Depths:2)
  9 komodo dragons
  A kobold demonologist (D:13)
  31 yaktaurs
  An efreet (D:15)
  2 ice devils
  A human zombie (Vaults:4)
  A golden dragon simulacrum (Depths:3)
  A freezing wraith (D:14)
  A queen bee (Swamp:2)
  6 trolls
  A merfolk (Spider:4)
  A wind drake (Lair:5)
  4 hornets
  4 meliai
  9 polar bears
  6 tyrant leeches
  26 tarantellas
  27 blink frogs
  4 dream sheep (Lair:4)
  2 snapping turtles
  27 slime creatures
  An iron dragon simulacrum (Depths:3)
  27 culicivoras
  35 jumping spiders
  A vampire (Bailey)
  4 spriggans
  10 water elementals
  4 wyverns
  5 wraiths
  8 basilisks
  11 fire bats
  52 yaks
  5 fire elementals
  4 steam dragons
  5 vampire mosquitoes
  3 neqoxecs (Depths:2)
  72 redbacks
  4 wargs
  7 swamp worms
  3 hell hounds
  2 acid dragons
  8 water moccasins
  34 orc warriors
  A sky beast (D:6)
  2 floating eyes
  A floating eye (shapeshifter) (Vaults:3)
  11 swamp drakes
  4 ice beasts
  6 black bears
  6 ogres
  4 boggarts (D:15)
  27 centaurs
  15 wolves
  5 kobold brigands
  3 phantoms
  A necrophage (D:5)
  8 bullfrogs
  A gnoll sergeant (Orc:2)
  A scorpion (D:5)
  A human skeleton (Vaults:4)
  3 wights
  A killer bee (D:9)
  3 wolf zombies (Bailey)
  4 howler monkeys
  7 vampire bats (Bailey)
  3 electric eels
  5 jellies
  A hound (D:4)
  11 orc priests
  4 iguanas
  16 orc wizards
  4 hell rats (Lair:5)
  12 gnolls
  8 adders
  A river rat (D:6)
  2 white imps (Gauntlet)
  A worm (D:3)
  A dart slug (D:3)
  67 orcs
  9 endoplasms
  5 giant cockroaches
  11 goblins
  5 hobgoblins
  25 kobolds
  5 quokkas
  10 ball pythons
  7 bats
  4 frilled lizards
  22 orc zombies (Bailey)
  9 rats
  A briar patch (Swamp:2)
1493 creatures vanquished.

Vanquished Creatures (collateral kills)
  the Lernaean hydra (Swamp:4)
  Xtahua (Vaults:2)
  A sphinx (Vaults:4)
  A thorn hunter (Swamp:2)
  A storm dragon (Depths:2)
  An azure jelly (Spider:4)
  A fenstrider witch (Swamp:3)
  Louise (Spider:4)
  An ironbound preserver (Vaults:1)
  An ettin (Orc:2)
  A great orb of eyes (Vaults:4)
  3 hydras (Swamp:4)
  A radroach (Spider:4)
  A death yak (Lair:5)
  A deep troll earth mage (Depths:2)
  2 spriggans (Swamp:3)
  3 deep trolls
  An iron troll (Depths:2)
  A swamp dragon (Swamp:4)
  A lindwurm (Vaults:2)
  A shining eye (D:13)
  A vault sentinel (Vaults:4)
  A troll (Orc:2)
  2 hornets (Swamp:3)
  A jumping spider (Vaults:4)
  A culicivora (Spider:2)
  A water moccasin (Lair:5)
  An orc warrior (Orc:2)
  A centaur (Orc:2)
  A boggart (shapeshifter) (D:9)
  2 briar patches (Swamp:2)
38 creatures vanquished.

Vanquished Creatures (others)
  A fire giant (Depths:4)
  An alligator (Swamp:2)
  A wizard (Vaults:4)
  A tyrant leech (Swamp:3)
  4 bloated husks
  A water elemental (Depths:2)
  2 swamp worms (Swamp:3)
  An orc warrior (Orc:2)
  A centaur (Orc:2)
  2 orcs (Orc:2)
  2 demonic plants (Gauntlet)
  6 foxfires (Swamp:4)
  9 fungi
  44 plants
76 creatures vanquished.

Grand Total: 1607 creatures vanquished

Notes
Turn   | Place    | Note
-------+----------+-------------------------------------------
     0 | D:1      | browni3141 the Vine Stalker Monk began the quest for the
                  | Orb.
     0 | D:1      | Reached XP level 1. HP: 11/11 MP: 2/2
   162 | D:1      | Found a faded altar of an unknown god.
   215 | D:1      | Reached XP level 2. HP: 5/16 MP: 3/3
   856 | D:2      | Reached XP level 3. HP: 19/19 MP: 4/4
  1264 | D:2      | Gained mutation: Your natural rate of healing is unusually
                  | fast. [Vine Stalker growth]
  1264 | D:2      | Reached XP level 4. HP: 23/23 MP: 5/5
  1784 | D:3      | Found a runed translucent door.
  1785 | D:3      | Noticed Crazy Yiuf
  2017 | D:3      | Reached skill level 5 in Polearms
  2017 | D:3      | Reached XP level 5. HP: 27/27 MP: 6/6
  2314 | D:4      | Noticed an ogre
  2327 | D:4      | Killed an ogre
  2457 | D:4      | Reached XP level 6. HP: 16/32 MP: 3/7
  2553 | D:4      | Found Onnawoc's Armour Shop.
  2599 | D:4      | Found a broken altar of Ashenzari.
  2600 | D:4      | Found a sparkling altar of Nemelex Xobeh.
  2601 | D:4      | Found a hide-covered altar of Uskayaw.
  2613 | D:4      | Became a worshipper of Nemelex Xobeh the Trickster
  2613 | D:4      | Reached * piety under Nemelex Xobeh
  2613 | D:4      | Received a gift from Nemelex Xobeh
  2613 | D:4      | Reached ** piety under Nemelex Xobeh
  2673 | D:4      | Reached skill level 5 in Stealth
  2859 | D:4      | Found a shadowy altar of Dithmenos.
  2888 | D:4      | Found a transporter.
  2888 | D:4      | Noticed ASSMAN's ghost (novice DjGl)
  2895 | D:4      | Found a transporter.
  3396 | D:5      | Entered Level 5 of the Dungeon
  3423 | D:5      | Reached skill level 1 in Invocations
  3441 | D:5      | Reached skill level 1 in Throwing
  3474 | D:5      | Reached XP level 7. HP: 24/36 MP: 4/9
  3554 | D:5      | Identified the +9 spear of Excruciating Pain {venom, *Rage
                  | Drain rElec Int+5}
  3566 | D:5      | Reached skill level 1 in Armour
  3600 | D:5      | Found Lunnig's Neck Hole.
  3639 | D:5      | Reached skill level 2 in Invocations
  3901 | D:5      | Gained mutation: You have razor-sharp teeth. [Vine Stalker
                  | growth]
  3901 | D:5      | Reached XP level 8. HP: 40/40 MP: 8/11
  4098 | D:6      | Found a glowing drain.
  4131 | Sewer    | Entered a sewer
  4267 | Sewer    | Reached skill level 3 in Invocations
  4568 | Sewer    | Received a gift from Nemelex Xobeh
  4682 | D:6      | Reached *** piety under Nemelex Xobeh
  4978 | D:6      | Found a staircase to the Ecumenical Temple.
  4991 | Temple   | Entered the Ecumenical Temple
  4991 | Temple   | Found a transporter.
  4991 | Temple   | Found a transporter.
  4993 | Temple   | Found a transporter.
  4993 | Temple   | Found a transporter.
  5223 | D:7      | Reached skill level 4 in Invocations
  5223 | D:7      | Reached XP level 9. HP: 45/45 MP: 11/13
  5380 | D:7      | Found a flagged portal.
  5390 | Bailey   | Entered a bailey
  5503 | Bailey   | Found the +4 Cigotuvi's embrace {Corpsefed rMiasma Drain
                  | rN+}
  5604 | Bailey   | Noticed a gargoyle
  5623 | Bailey   | Killed a gargoyle
  5624 | Bailey   | Reached skill level 5 in Invocations
  5853 | Bailey   | Identified the +7 spear of Resourcefulness {protect, rElec
                  | rCorr Dex-4 SInv}
  5940 | Bailey   | Reached skill level 5 in Throwing
  6005 | Bailey   | Identified the +4 rapier "Hydraslayer" {heavy, Dex+4}
  6010 | Bailey   | Identified the +2 ring mail "Fouvval" {Int+7 Dex+2}
  6227 | D:7      | Reached **** piety under Nemelex Xobeh
  6388 | D:8      | Received a gift from Nemelex Xobeh
  6393 | D:8      | Reached XP level 10. HP: 36/51 MP: 10/15
  6507 | D:8      | Reached skill level 6 in Invocations
  6521 | D:8      | Reached skill level 5 in Fighting
  6521 | D:8      | Reached skill level 5 in Armour
  6767 | D:8      | Found a shimmering blue altar of Sif Muna.
  6899 | D:8      | Found Xuifynaj's General Store.
  6982 | D:8      | Received a gift from Nemelex Xobeh
  7131 | D:9      | Noticed Pikel
  7131 | D:9      | Found Kiompagy's Distillery.
  7134 | D:9      | Killed Pikel
  7179 | D:9      | Bought a potion of degeneration for 13 gold pieces
  7179 | D:9      | Bought a potion of lignification for 39 gold pieces
  7179 | D:9      | Bought a potion of attraction for 39 gold pieces
  7201 | D:9      | Found Mosaofy's Magic Scroll Emporium.
  7204 | D:9      | Bought a scroll of blinking for 127 gold pieces
  7204 | D:9      | Bought a scroll of fear for 68 gold pieces
  7204 | D:9      | Bought a scroll of teleportation for 51 gold pieces
  7204 | D:9      | Bought a scroll of identify for 34 gold pieces
  7204 | D:9      | Bought a scroll of identify for 34 gold pieces
  7206 | D:9      | Identified a scroll of acquirement
  7212 | D:9      | Noticed Erolcha
  7214 | D:9      | Acquired the ring of Nuveoniv {rElec Will+}
  7333 | D:9      | Noticed a wolf spider
  7339 | D:9      | Noticed a centaur warrior
  7339 | D:9      | Noticed a two-headed ogre
  7340 | D:9      | Reached skill level 10 in Polearms
  7340 | D:9      | a wolf spider changed into a shapeshifter
  7340 | D:9      | a two-headed ogre changed into a snapping turtle
  7340 | D:9      | a centaur warrior changed into a glowing orange brain
  7340 | D:9      | Noticed a glowing orange brain
  7345 | D:9      | Noticed a cyclops
  7345 | D:9      | Noticed a two-headed ogre
  7350 | D:9      | Killed a two-headed ogre
  7351 | D:9      | Reached XP level 11. HP: 38/55 MP: 10/16
  7352 | D:9      | Killed a cyclops
  7352 | D:9      | Killed a glowing orange brain
  7353 | D:9      | Noticed a tengu warrior
  7400 | D:9      | Noticed a brown ugly thing
  7413 | D:9      | Killed a tengu warrior
  7419 | D:9      | Killed a brown ugly thing
  7487 | D:9      | Got the Codex of the Curse and the Pyromaniac
  7493 | D:9      | Got the Handbook of the Caves and the Gestalt
  7781 | D:9      | Found Juoc's Magic Scroll Shop.
  7784 | D:9      | Bought a scroll of identify for 26 gold pieces
  7784 | D:9      | Bought a scroll of identify for 26 gold pieces
  7784 | D:9      | Bought a scroll of identify for 26 gold pieces
  7942 | D:9      | Found Seacecan's Assorted Antiques.
  7975 | D:9      | Bought a scroll labelled HOOGEY PISS for 33 gold pieces
  8298 | D:9      | Killed Erolcha
  8344 | D:10     | Entered Level 10 of the Dungeon
  8344 | D:10     | Noticed Fannar
  8367 | D:10     | Killed Fannar
  8385 | D:10     | Reached ***** piety under Nemelex Xobeh
  8422 | D:10     | Found a portal to a secret trove of treasure.
  8558 | D:10     | Found a white marble altar of Elyvilon.
  8667 | D:10     | Found a staircase to the Lair.
  8932 | D:10     | Found a glowing silver altar of Zin.
  8984 | D:10     | Reached XP level 12. HP: 62/62 MP: 17/17
  9522 | Lair:1   | Entered Level 1 of the Lair of Beasts
  9577 | Lair:1   | Received a gift from Nemelex Xobeh
  9798 | Lair:1   | Received a gift from Nemelex Xobeh
 10253 | Lair:2   | Found a hole to the Spider Nest.
 10255 | Lair:2   | Received a gift from Nemelex Xobeh
 10256 | Lair:2   | Noticed a five-headed hydra
 10267 | Lair:2   | Killed a five-headed hydra
 10417 | Lair:2   | Received a gift from Nemelex Xobeh
 10655 | Lair:2   | Reached skill level 7 in Invocations
 10958 | Lair:2   | Reached ****** piety under Nemelex Xobeh
 11060 | Lair:3   | Received a gift from Nemelex Xobeh
 11095 | Lair:3   | Noticed a catoblepas
 11111 | Lair:3   | Killed a catoblepas
 11112 | Lair:3   | Reached skill level 10 in Stealth
 11433 | Lair:3   | Noticed a five-headed hydra
 11449 | Lair:3   | Killed a five-headed hydra
 11450 | Lair:3   | Reached XP level 13. HP: 62/68 MP: 17/19
 11484 | Lair:3   | Reached skill level 8 in Invocations
 11542 | Lair:3   | Found a staircase to the Swamp.
 11695 | Lair:3   | Received a gift from Nemelex Xobeh
 11917 | Lair:4   | Reached skill level 5 in Dodging
 12036 | Lair:4   | Found a runed translucent door.
 12039 | Lair:4   | Noticed BlueFish's ghost (journeyman TeAE)
 12048 | Lair:4   | Found a gate leading to a gauntlet.
 12057 | Gauntlet | Entered a Gauntlet
 12057 | Gauntlet | Found a transporter.
 12064 | Gauntlet | Found a transporter.
 12066 | Gauntlet | Found a transporter.
 12074 | Gauntlet | Found a runed translucent gate.
 12074 | Gauntlet | Found a runed translucent gate.
 12074 | Gauntlet | Found a runed translucent gate.
 12077 | Gauntlet | Found a transporter.
 12080 | Gauntlet | Found a transporter.
 12089 | Gauntlet | Found a transporter.
 12091 | Gauntlet | Received a gift from Nemelex Xobeh
 12106 | Gauntlet | Found a transporter.
 12115 | Gauntlet | Noticed an entropy weaver
 12119 | Gauntlet | Found a transporter.
 12131 | Gauntlet | Found a transporter.
 12136 | Gauntlet | Found a transporter.
 12164 | Gauntlet | Found a transporter.
 12164 | Gauntlet | Found a transporter.
 12216 | Gauntlet | Found a transporter.
 12216 | Gauntlet | Found a transporter.
 12467 | Gauntlet | Killed an entropy weaver
 12468 | Gauntlet | Reached skill level 9 in Invocations
 12476 | Gauntlet | Identified the amulet of Laduum {Faith +Inv Str+3 Dex+3}
 12551 | Gauntlet | Noticed a minotaur
 12552 | Gauntlet | Killed a minotaur
 12596 | Gauntlet | Identified the +1 tower shield of Durable Tender Moments
                  | {Will+}
 12596 | Gauntlet | Identified the +10 long sword "Vudees" {holy, rElec rF-
                  | Int+2}
 12605 | Gauntlet | Got the Incunabulum of Sidekicks
 12707 | Lair:4   | Found a viscous altar of Jiyva.
 12708 | Lair:4   | Found a staircase to the Slime Pits.
 12754 | Lair:4   | Received a gift from Nemelex Xobeh
 13035 | Lair:4   | Killed BlueFish's ghost
 13072 | Lair:5   | Entered Level 5 of the Lair of Beasts
 13134 | Lair:5   | Reached XP level 14. HP: 75/75 MP: 19/22
 13259 | Lair:5   | Reached skill level 10 in Invocations
 13278 | Lair:5   | Paralysed by a hornet for 1 turns
 13283 | Lair:5   | Reached skill level 10 in Fighting
 13286 | Lair:5   | Noticed a dire elephant
 13288 | Lair:5   | a dire elephant changed into an emperor scorpion
 13288 | Lair:5   | Noticed an emperor scorpion
 13328 | Lair:5   | Killed an emperor scorpion
 13364 | Lair:5   | Reached skill level 11 in Invocations
 14000 | Lair:5   | Identified the ring "Galiotun" {Fire rElec rCorr Str+6
                  | Slay+3}
 14519 | D:11     | Found a staircase to the Orcish Mines.
 14577 | D:11     | Reached skill level 12 in Invocations
 14637 | D:11     | Received a gift from Nemelex Xobeh
 14640 | D:11     | Found Kaellale's Magic Scroll Emporium.
 14806 | D:11     | Noticed Nergalle
 14822 | D:11     | Killed Nergalle
 15128 | D:11     | Reached XP level 15. HP: 80/80 MP: 25/25
 15259 | Orc:1    | Entered Level 1 of the Orcish Mines
 15319 | Orc:1    | Received a gift from Nemelex Xobeh
 15341 | Orc:1    | Found a dark tunnel.
 15348 | Volcano  | Entered a volcano
 15824 | Orc:1    | Received a gift from Nemelex Xobeh
 15875 | Orc:1    | Found a runed translucent door.
 15876 | Orc:1    | Noticed Seckat's ghost (journeyman KoBr)
 15916 | Orc:1    | Killed Seckat's ghost
 16022 | Orc:1    | Received a gift from Nemelex Xobeh
 16397 | Orc:2    | Entered Level 2 of the Orcish Mines
 16397 | Orc:2    | Noticed Azrael
 16404 | Orc:2    | Reached skill level 13 in Invocations
 16408 | Orc:2    | Reached skill level 1 in Evocations
 16465 | Orc:2    | Killed Azrael
 16616 | Orc:2    | Found Ufoach's Antique Armour Emporium.
 16616 | Orc:2    | Found Ziymuer's Magic Scroll Shop.
 16618 | Orc:2    | Found Waezan's General Store.
 16620 | Orc:2    | Found Gismah's Book Shoppe.
 17033 | Orc:2    | Received a gift from Nemelex Xobeh
 17068 | Orc:2    | Found a staircase to the Elven Halls.
 17405 | Orc:2    | Found a staircase to the Elven Halls.
 17611 | Orc:2    | Found Ufoach's Antique Armour Emporium.
 17611 | Orc:2    | Found Ziymuer's Magic Scroll Shop.
 17613 | Orc:2    | Found Waezan's General Store.
 17615 | Orc:2    | Found Gismah's Book Shoppe.
 17620 | Orc:2    | Bought a potion of curing for 33 gold pieces
 17623 | Orc:2    | Bought a pair of jewelled gloves for 228 gold pieces
 17623 | Orc:2    | Identified the +1 pair of gloves of Ennui {Fly Int+2
                  | Stlth+} (You bought it in a shop on level 2 of the Orcish
                  | Mines)
 17633 | Orc:2    | Bought a scroll of identify for 30 gold pieces
 17633 | Orc:2    | Bought a scroll of identify for 30 gold pieces
 17633 | Orc:2    | Bought a scroll of identify for 30 gold pieces
 17638 | Orc:2    | Bought a wand of light (4) for 184 gold pieces
 17929 | D:12     | Reached skill level 1 in Shields
 17969 | D:12     | Received a gift from Nemelex Xobeh
 17984 | D:12     | Found a frozen archway.
 17991 | IceCv    | Entered an ice cave
 18191 | IceCv    | Noticed a frost giant
 18197 | IceCv    | Killed a frost giant
 18542 | D:12     | Received a gift from Nemelex Xobeh
 18736 | D:12     | Noticed Urug
 18749 | D:12     | Killed Urug
 18899 | D:12     | Identified the +4 short sword of Beogh's Fury {drain, Fly
                  | rElec Will++ SInv}
 18905 | D:12     | Identified the ring "Besua" {*Slow +Blink Will+ MP+9 Dex+2}
 18985 | D:12     | Reached XP level 16. HP: 85/85 MP: 25/27
 19136 | D:13     | Noticed Frances
 19165 | D:13     | Killed Frances
 19246 | D:13     | Received a gift from Nemelex Xobeh
 19326 | D:13     | Reached skill level 14 in Invocations
 19362 | D:13     | Reached skill level 5 in Evocations
 19640 | D:13     | Received a gift from Nemelex Xobeh
 19641 | D:13     | Found a gate to the Vaults.
 19651 | D:13     | Identified the +5 flail "Emaisk" {drain, rElec MP-9 Int+4}
 20360 | D:14     | Received a gift from Nemelex Xobeh
 20728 | D:14     | Received a gift from Nemelex Xobeh
 20972 | D:14     | Received a gift from Nemelex Xobeh
 21406 | D:15     | Entered Level 15 of the Dungeon
 21425 | D:15     | Reached skill level 5 in Shields
 21444 | D:15     | Found a hide-covered altar of Uskayaw.
 21680 | D:15     | Noticed Nessos
 21689 | D:15     | Killed Nessos
 21898 | D:15     | Found a staircase to the Depths.
 22442 | Depths:1 | Entered Level 1 of the Depths
 22483 | Depths:1 | Received a gift from Nemelex Xobeh
 22540 | Depths:1 | Reached skill level 10 in Armour
 22608 | Depths:1 | Found a one-way gateway to a ziggurat.
 22690 | Depths:1 | Found a gateway to Hell.
 22692 | Depths:1 | Noticed a tentacled starspawn
 22699 | Depths:1 | Found a one-way gate to the infinite horrors of the Abyss.
 22701 | Depths:1 | Noticed a tentacled starspawn
 22732 | Depths:1 | Received a gift from Nemelex Xobeh
 22904 | Depths:1 | Reached skill level 15 in Invocations
 23177 | Depths:2 | Received a gift from Nemelex Xobeh
 23296 | Depths:2 | Noticed a storm dragon
 23308 | Depths:2 | Killed a sphinx
 23309 | Depths:2 | Reached XP level 17. HP: 33/89 MP: 2/29
 23425 | Depths:2 | Noticed a tentacled monstrosity
 23477 | Depths:2 | Killed a tentacled monstrosity
 23510 | Depths:2 | Identified the +1 scale mail "Umeagog" {rElec rPois Dex-5}
 23560 | Depths:2 | Noticed a golden dragon
 23659 | Depths:2 | Noticed a caustic shrike
 23667 | Depths:2 | Killed a caustic shrike
 23730 | Depths:2 | Identified the +0 quarterstaff of Kilem {drain, rF+}
 23738 | Depths:2 | Killed a golden dragon
 23758 | Depths:2 | Received a gift from Nemelex Xobeh
 23804 | Depths:2 | Noticed a titan
 23816 | Depths:2 | Killed a titan
 23856 | Depths:2 | Reached skill level 16 in Invocations
 23935 | Depths:2 | Noticed a golden dragon
 24025 | Depths:2 | Gained mutation: You sometimes lose your temper in combat.
                  | [a neqoxec]
 24050 | Depths:2 | Found a one-way gate leading to the halls of Pandemonium.
 24238 | Depths:2 | Received a gift from Nemelex Xobeh
 24501 | Depths:3 | Noticed a lich
 24522 | Depths:2 | Killed a lich
 24561 | Depths:2 | Killed a golden dragon
 24562 | Depths:2 | Reached skill level 10 in Dodging
 24874 | D:8      | Bought a condenser vane for 480 gold pieces
 24874 | D:8      | Bought a +0 pair of boots for 54 gold pieces
 24957 | D:5      | Bought a scarf of resistance for 416 gold pieces
 25303 | Spider:1 | Entered Level 1 of the Spider Nest
 25810 | Spider:1 | Received a gift from Nemelex Xobeh
 26424 | Spider:1 | Reached XP level 18. HP: 94/94 MP: 31/31
 27221 | Spider:2 | Reached skill level 10 in Shields
 27415 | Spider:2 | Reached skill level 17 in Invocations
 27943 | Swamp:1  | Entered Level 1 of the Swamp
 27945 | Swamp:1  | Received a gift from Nemelex Xobeh
 28136 | Swamp:1  | Received a gift from Nemelex Xobeh
 28389 | Swamp:1  | Received a gift from Nemelex Xobeh
 28491 | Swamp:1  | Found a shimmering altar of Xom.
 28491 | Swamp:1  | Noticed mistaj's ghost (adept VSFi)
 28495 | Swamp:1  | Found a runed translucent door.
 29023 | Swamp:2  | Identified the +4 executioner's axe of Aqoph {spect, Int+3}
 29072 | Swamp:2  | Received a gift from Nemelex Xobeh
 29291 | Swamp:3  | Received a gift from Nemelex Xobeh
 29352 | Swamp:3  | Noticed Mlioglotl
 29363 | Swamp:3  | Killed Mlioglotl
 29982 | Swamp:4  | Entered Level 4 of the Swamp
 30102 | Swamp:4  | Received a gift from Nemelex Xobeh
 30949 | Swamp:4  | Noticed the 27-headed Lernaean hydra
 30950 | Swamp:4  | Killed the 27-headed Lernaean hydra
 31027 | Swamp:4  | Got a decaying rune of Zot
 31418 | Depths:2 | Reached skill level 18 in Invocations
 31418 | Depths:2 | Reached XP level 19. HP: 100/100 MP: 31/33
 31885 | Spider:2 | Reached XP level 20. HP: 105/105 MP: 34/34
 32770 | Spider:2 | Received a gift from Nemelex Xobeh
 34185 | Spider:3 | Received a gift from Nemelex Xobeh
 34907 | Spider:4 | Entered Level 4 of the Spider Nest
 34972 | Spider:4 | Received a gift from Nemelex Xobeh
 35133 | Spider:4 | Noticed Louise
 35154 | Spider:4 | Paralysed by a floating eye for 2 turns
 35340 | Spider:4 | Killed Louise
 35341 | Spider:4 | Reached skill level 19 in Invocations
 35424 | Spider:4 | Received a gift from Nemelex Xobeh
 35462 | Spider:4 | Noticed Arachne
 35482 | Spider:4 | Arachne changed into Arachne the azure jelly
 35482 | Spider:4 | Noticed Arachne
 35498 | Spider:4 | Killed Arachne the azure jelly
 35759 | Spider:4 | Got a gossamer rune of Zot
 36378 | Vaults:1 | Entered Level 1 of the Vaults
 36765 | Vaults:1 | Reached XP level 21. HP: 98/109 MP: 31/35
 36910 | Vaults:1 | Received a gift from Nemelex Xobeh
 37761 | Vaults:1 | Received a gift from Nemelex Xobeh
 38067 | Vaults:2 | Noticed Zenata
 38075 | Vaults:2 | Zenata changed into Zenata the eye of devastation
 38075 | Vaults:2 | Noticed Zenata
 38076 | Vaults:2 | Killed Zenata the eye of devastation
 38358 | Vaults:2 | Received a gift from Nemelex Xobeh
 38665 | Vaults:2 | Noticed Frederick
 38671 | Vaults:2 | Noticed Xtahua
 38673 | Vaults:2 | Killed Frederick
 38683 | Vaults:2 | Identified the +3 demon trident of Ru's Hatred {venom,
                  | rCorr Int-5 Dex+8 Stlth+}
 38684 | Vaults:2 | Killed Xtahua
 38833 | Vaults:2 | Received a gift from Nemelex Xobeh
 38900 | Vaults:2 | Found a staircase to the Crypt.
 38923 | Vaults:2 | Noticed Mennas
 38925 | Vaults:2 | Mennas changed into Mennas the pearl dragon
 38925 | Vaults:2 | Noticed Mennas
 38933 | Vaults:2 | Killed Mennas the pearl dragon
 39748 | Vaults:3 | Noticed Margery
 39783 | Vaults:2 | Killed Margery
 39978 | Vaults:3 | Reached XP level 22. HP: 116/116 MP: 33/36
 40200 | Vaults:3 | Received a gift from Nemelex Xobeh
 40255 | Vaults:3 | Reached skill level 20 in Invocations
 40646 | Vaults:3 | Received a gift from Nemelex Xobeh
 41247 | Vaults:4 | Found Qiptood's Distillery.
 41352 | Vaults:4 | Received a gift from Nemelex Xobeh
 41741 | Vaults:4 | Noticed Jory
 42052 | Vaults:4 | Killed Jory
 42185 | Vaults:4 | Noticed Donald
 42205 | Vaults:4 | Killed Donald
 43286 | Depths:3 | Reached XP level 23. HP: 121/121 MP: 38/38
 43296 | Depths:3 | Received a gift from Nemelex Xobeh
 43633 | Depths:3 | Reached skill level 15 in Stealth
 44033 | Depths:3 | Received a gift from Nemelex Xobeh
 44437 | Depths:4 | Entered Level 4 of the Depths
 44714 | Depths:4 | Noticed a golden dragon
 44781 | Depths:4 | Received a gift from Nemelex Xobeh
 44802 | Depths:4 | Killed a golden dragon
 44807 | Depths:4 | Killed from afar by an ice dragon

Illustrated notes

Levels and vault maps discovered:
D:1:      tarquinn_simple_flora_water_e, layout_basic,
          chequers_ecumenical_altar_simple_redux, serial_forest,
          infiniplex_forest_clump_medium, infiniplex_forest_side_room,
          infiniplex_forest_lined_3_way, infiniplex_forest_lined_3,
          infiniplex_forest_straight_5, infiniplex_forest_straight_3,
          infiniplex_forest_lined_2, infiniplex_forest_straight_2
D:2:      layout_basic, wander_ebering_terrifying_dragon_lair
D:3:      layout_rooms, minmay_cupped, uniq_crazy_yiuf_cottage
D:4:      layout_basic, mainiacjoe_overflow_chevrons,
          chequers_temple_overflow_statue_of_worship, serial_glass,
          glass_columns_c, glass_columns_a, serial_shops, kennysheep_mini,
          gammafunk_ghost_smash, item_on_display_a
D:5:      layout_basic, minmay_misc_feat_square,
          nicolae_shop_sticking_my_neck_out
D:6:      layout_basic, minmay_temple_entry_gardened_gates, gup_sewer_entry_bowl
D:7:      layout_cave_pools, enter_bailey_5
D:8:      layout_rooms, tgw_sif, serial_shops, kennysheep_little_box,
          minmay_increasing_density
D:9:      minmay_the_grid_triangle_9x9_rhombus_thin_mashed
          [minmay_the_grid_triangle_9x9_limited_checkers,
          minmay_the_grid_triangle_9x9_prize_center,
          minmay_the_grid_triangle_9x9_flanged_cone,
          minmay_the_grid_triangle_9x9_checkered], layout_basic, serial_shops,
          kennysheep_mini_moat, nicolae_stop_n_shop_1, shop_fountains,
          nicolae_shop_behind_doors, uniq_erolcha, uniq_pikel
D:10:     layout_stronghold, elyvilon_altar_3, mainiacjoe_overflow_catwalk,
          david_lair_generic, nicolae_trove_entry_isolated, uniq_fannar
D:11:     minmay_firetagon, layout_long_grid, orc_0_dummy, serial_shops, shop,
          uniq_nergalle
D:12:     minmay_mutant_horseshoe, layout_basic,
          portal_ice_cave_entry_pillars_1, nicolae_eternal_life, uniq_urug
D:13:     layout_loops_ring, erik_vaults_1, st_stairs_3, uniq_frances
D:14:     layout_grid_maze, serial_glass, glass_columns_a, glass_columns_b
D:15:     grunt_enter_depths_hoard, layout_long_grid,
          nicolae_uskayaw_dance_hall, uniq_nessos
Temple:   hellmonk_temple_divided_pantheon
Lair:1:   layout_hall_layers, infiniplex_staircase_pool, serial_bayou_shore_b
Lair:2:   layout_chaotic_city, spider_nest_entry_a
Lair:3:   layout_misc_corridors, skrybe_swamp_entry_bodies, st_stairs_9,
          serial_bayou_ford_a, minmay_holes, minivault_27, grunt_megastairs_2
Lair:4:   layout_cave_shapes, nicolae_slime_entry_slimehenge,
          gauntlet_entry_generic, hellmonk_ghost_happy_afterlife
Lair:5:   gammafunk_lair_ancient_temple, layout_regular_city
Swamp:1:  layout_basic_swamp, ebering_ghost_xom, evilmike_swamp_ruin_rubble_1
Swamp:2:  layout_basic_swamp, evilmike_swamp_ruin_house_2
Swamp:3:  layout_basic_swamp, nicolae_swamp_tree_isthmus, uniq_mlioglotl
Swamp:4:  swamp_old_school, layout_basic_swamp
Spider:1: layout_spider_delve, nicolae_spider_twisty_arc_passages
Spider:2: nicolae_spider_hilbert_zone_3 [nicolae_spider_hilbert_4_sides_2_open,
          nicolae_spider_hilbert_3_sides_1_open,
          nicolae_spider_hilbert_3_sides_1_open,
          nicolae_spider_hilbert_3_sides_1_open,
          nicolae_spider_hilbert_3_sides_1_open,
          nicolae_spider_hilbert_4_sides_1_open,
          nicolae_spider_hilbert_4_sides_1_open,
          nicolae_spider_hilbert_4_sides_1_open,
          nicolae_spider_hilbert_4_sides_1_open,
          nicolae_spider_hilbert_4_sides_1_open,
          nicolae_spider_hilbert_4_sides_1_open,
          nicolae_spider_hilbert_4_sides_1_open,
          nicolae_spider_hilbert_4_sides_1_open,
          nicolae_spider_hilbert_3_sides_1_open,
          nicolae_spider_hilbert_3_sides_1_open,
          nicolae_spider_hilbert_3_sides_1_open,
          nicolae_spider_hilbert_3_sides_1_open]
Spider:3: layout_spider_delve, nicolae_spider_shape
Spider:4: grunt_spider_rune_circles, uniq_arachne, uniq_louise
Orc:1:    layout_caves, enter_volcano_2, gammafunk_ghost_grave,
          minmay_orc_barracks
Orc:2:    st_orc_rangers, layout_caves, uniq_azrael
Vaults:1: nicolae_vaults_network_quinsquares
          [nicolae_vaults_network_quincunx_subvault,
          nicolae_vaults_network_quincunx_subvault,
          nicolae_vaults_network_quincunx_subvault,
          nicolae_vaults_network_quincunx_subvault], ontoclasm_vaults_spin,
          v_misc_30, ontoclasm_vaults_fault, nicolae_vaults_border_crossing,
          v_rooms_3, v_misc_12, vaults_room_pools,
          nicolae_vaults_little_squares_3, ontoclasm_vaults_gateway,
          vaults_room_hallway, layout_vaults_chaotic_city
Vaults:2: v_pattern_4, nicolae_vaults_ring_of_whatevers,
          nicolae_vaults_little_squares_5, minmay_crypt_entry_simple_box,
          nicolae_vaults_windows_and_doors_thing, v_misc_5,
          nicolae_vaults_shelves_hall, ontoclasm_vaults_eye,
          vaults_dpeg_encased_lava, vaults_room_fours, layout_vaults_omnigrid,
          uniq_zenata, uniq_xtahua, uniq_frederick, uniq_mennas
Vaults:3: nicolae_vaults_little_squares_1, nicolae_vaults_diagonal_hallway_9,
          v_rooms_6, v_misc_32, hangedman_vaults_cutoff,
          ontoclasm_vaults_hangar, v_alt_pattern_6, hangedman_vaults_maws,
          nicolae_vaults_triangles, vaults_dpeg_emergency_exit, st_spiral_rooms,
          nicolae_vaults_little_ls, vaults_dpeg_diagonal, layout_vaults_ring,
          uniq_margery
Vaults:4: v_misc_14, nicolae_vaults_network_star,
          ontoclasm_vaults_decontamination, vaults_dpeg_doors,
          vaults_standard_mumra_lines, hangedman_vaults_cutoff,
          vaults_mumra_hexcomb, v_misc_28, vaults_room_glass_cross,
          vaults_dpeg_ring, vaults_room_boxed, vaults_room_hallway,
          layout_vaults_big_cross, serial_shops, shop, uniq_donald, uniq_jory
Depths:1: layout_gridville, enter_ziggurat_d, abyss_entry_glasseish, hell_entry,
          kennysheep_generic_room_9
Depths:2: minmay_bad_star, layout_cave_shapes, abyss_entry, hell_entry,
          grunt_pan_entry_spiral, minmay_crystal_water,
          chequers_serial_rivers_small_3, lemuel_freeze_loot_1,
          infiniplex_staircase_river
Depths:3: minmay_curly_fans, layout_basic, abyss_entry, kennysheep_flooded_box,
          hellmouth_1, infiniplex_staircase_trident
Depths:4: evilmike_zot_entry_diamond, layout_small_grid, rand_demon_pan_entry_8,
          hell_entry

Skill      XL: |  1  2  3  4  5  6  7  8  9 10 11 12 13 14 15 16 17 18 19 20 21 22 23 |
---------------+----------------------------------------------------------------------+-----
Polearms       | 3 4 5 6 7 10 12 | 12.5
Fighting       | 3 4 5 6 8 9 10 11 12 | 12.9
Stealth        | 4 5 6 8 10 12 13 14 15 | 15.1
Invocations    | 1 2 4 5 6 7 9 12 13 15 16 18 19 20 | 20.8
Throwing       | 1 2 3 5 6 7 8 |  8.4
Armour         | 1 3 4 5 6 7 8 9 10 11 12 | 12.6
Dodging        | 3 4 5 7 8 9 10 11 | 11.7
Evocations     | 4 5 6 7 8 |  8.5
Shields        | 3 7 9 11 12 13 14 | 14.9

Action                     |  1- 3 |  4- 6 |  7- 9 | 10-12 | 13-15 | 16-18 | 19-21 | 22-24 || total
---------------------------+-------+-------+-------+-------+-------+-------+-------+-------++-------
  Melee: Spear             |    65 |   172 |   272 |   458 |  1022 |  1192 |   453 |       ||  3634
         Bite              |    13 |    38 |    40 |   139 |   293 |   455 |   371 |   311 ||  1660
         Punch             |     2 |     3 |     2 |     9 |    10 |     7 |       |       ||    33
         Halberd           |       |     1 |       |       |       |       |       |       ||     1
         Trident           |       |       |     4 |       |       |       |       |       ||     4
         Demon trident     |       |       |       |       |       |       |   472 |   755 ||  1227
   Fire: Sling             |    24 |    33 |       |       |       |       |       |       ||    57
  Throw: Boomerang         |       |    21 |     7 |     1 |       |    22 |    48 |     9 ||   108
         Javelin           |       |       |       |       |       |       |     1 |       ||     1
 Invoke: Draw Destruction  |       |       |       |     7 |    13 |    21 |     7 |     3 ||    51
         Draw Summoning    |       |       |       |     3 |     4 |    13 |    11 |     3 ||    34
         Stack Five        |       |       |       |     1 |       |     2 |       |       ||     3
         Deal Four         |       |       |       |       |     6 |     6 |     8 |     3 ||    23
         Draw Stack        |       |       |       |       |     3 |     5 |       |     5 ||    13
         Draw Escape       |       |       |       |       |     2 |     2 |     3 |       ||     7
         Triple Draw       |       |       |       |       |       |       |       |     1 ||     1
  Evoke: Phantom mirror    |       |       |       |       |       |     5 |     3 |     3 ||    11
         Wand              |       |       |       |       |       |     8 |     2 |       ||    10
         Condenser vane    |       |       |       |       |       |     1 |     5 |     3 ||     9
    Use: Scroll            |       |     3 |     1 |     9 |     7 |    10 |    13 |     3 ||    46
         Potion            |       |       |     2 |       |       |     2 |     2 |     1 ||     7
   Stab: Sleeping          |     4 |     3 |     7 |    11 |    27 |    51 |    32 |    14 ||   149
         Distracted        |       |       |       |     2 |     8 |     8 |     8 |     8 ||    34
         Petrified         |       |       |       |     2 |     8 |       |       |       ||    10
         Invisible         |       |       |       |       |       |     2 |     8 |       ||    10
 Armour: Robe              |     9 |       |       |       |       |       |       |       ||     9
         Leather armour    |     3 |    12 |    25 |    98 |   332 |   204 |       |       ||   674
         Scale mail        |       |    17 |    14 |       |       |       |       |       ||    31
         Storm dragon scal |       |       |    14 |       |       |       |       |       ||    14
         Swamp dragon scal |       |       |       |       |       |    61 |   111 |       ||   172
         Pearl dragon scal |       |       |       |       |       |    29 |    83 |   188 ||   300
  Dodge: Dodged            |    22 |    70 |    95 |   119 |   565 |   428 |   251 |   151 ||  1701
  Block: Tower shield      |       |       |       |       |       |   625 |   770 |   557 ||  1952
         Reflection        |       |       |       |       |       |     5 |    47 |    32 ||    84

Table legend: (Time is in decaauts)
 A = Elapsed time spent in this place.
 B = Non-inter-level travel time spent in this place.
 C = Inter-level travel time spent in this place.
 D = Time resting spent in this place.
 E = Time spent auto-exploring this place.
 F = Levels seen in this place.
 G = Mean time per level.
                   A        B        C        D        E       F      G
               +--------+--------+--------+--------+--------+-----+--------+
         Total |  45989 |  42143 |   3846 |   7484 |  24805 |  44 | 1045.2 |
       Dungeon |  14774 |  12876 |   1898 |   1544 |   8792 |  15 |  984.9 |
        Temple |     33 |     24 |      9 |      0 |      6 |   1 |   33.0 |
          Lair |   4864 |   4280 |    584 |    739 |   2545 |   5 |  972.8 |
         Swamp |   3394 |   3308 |     86 |    866 |   1623 |   4 |  848.5 |
   Spider Nest |   7452 |   6909 |    543 |   1879 |   3471 |   4 | 1863.0 |
  Orcish Mines |   2122 |   2031 |     91 |    225 |   1338 |   2 | 1061.0 |
        Vaults |   6712 |   6443 |    269 |    772 |   4187 |   4 | 1678.0 |
        Depths |   3986 |   3621 |    365 |    680 |   1941 |   4 |  996.5 |
         Sewer |    571 |    571 |      0 |    267 |    167 |   1 |  571.0 |
        Bailey |    703 |    703 |      0 |    266 |    147 |   1 |  703.0 |
      Ice Cave |    522 |    522 |      0 |     52 |    196 |   1 |  522.0 |
       Volcano |    261 |    261 |      0 |     36 |    109 |   1 |  261.0 |
      Gauntlet |    590 |    590 |      0 |    152 |    279 |   1 |  590.0 |
               +--------+--------+--------+--------+--------+-----+--------+

Top non-repeatable levels by time:
Spider:2: 3303 daAuts
Spider:1: 1914 daAuts
Vaults:4: 1822 daAuts
Vaults:2: 1809 daAuts
Vaults:1: 1625 daAuts
Depths:2: 1622 daAuts
Vaults:3: 1455 daAuts
    D:14: 1421 daAuts
  Lair:5: 1367 daAuts
Depths:3: 1347 daAuts
    D:15: 1340 daAuts
     D:9: 1321 daAuts
    D:10: 1251 daAuts
    D:13: 1235 daAuts
 Swamp:4: 1218 daAuts
